 Dungeon Crawl Stone Soup version 0.32-a0-672-gff75c0dad8 (webtiles) character file.

Game seed: 13875091965379964993

10971 aaaaaaaaaaaaaaaaaa the Thaumaturge (level 12, -2/81 HPs)
             Began as a Djinni Fire Elementalist on Mar 10, 2024.
             Was an Elder of Makhleb.
             Slain by a yak (13 damage)
             ... led by a torpor snail
             ... on level 2 of the Lair of Beasts.
             The game lasted 00:59:55 (11056 turns).

aaaaaaaaaaaaaaaaaa the Thaumaturge (DjFE)          Turns: 11056, Time: 00:59:56

Health: -2/81      AC:  3    Str:  9    XL:     12   Next: 1%
Gold:   459        EV: 17    Int: 19    God:    Makhleb [****..] SH:  0 Dex: 15

rFire   + + .        v - +7 Throatcutter {drain, coup de grace}
rCold   x . .        (no shield)
rNeg    . . .        a - +0 robe
rPois   ∞            i - +0 helmet
rElec   .            (no cloak)
rCorr   .            (no gloves)
SInv    .            (boots unavailable)
Will    +....        (no amulet)
Stlth   +            (no ring)
HPRegen 0.33/turn    (no ring)
MPRegen 0.00/turn

%: infuse magic (-3 HP)
@: confused, ambrosia-drunk, flying
A: sickness immunity, fire resistance 2, cold vulnerability 1, float, innate
caster, HP casting, extra vitality 1
a: Renounce Religion, Minor Destruction, Lesser Servant of Makhleb, Major
Destruction


You were on level 2 of the Lair of Beasts.
You worshipped Makhleb.
Makhleb was greatly pleased with you.
You visited 3 branches of the dungeon, and saw 12 of its levels.
You also visited: Sewer.

You collected 459 gold pieces.

Inventory:

Hand Weapons
 f - a +2 dagger of venom
 v - the +7 Throatcutter (weapon) {drain, coup de grace}
   (You found it on level 5 of the Dungeon)
Missiles
 g - 2 throwing nets
Armour
 a - a +0 robe (worn)
 i - a +0 helmet (worn)
Magical Staves
 e - a staff of fire
Jewellery
 E - a ring of wizardry
Wands
 n - a wand of flame (45)
 r - a wand of digging (1)
 w - a wand of charming (14)
 y - a wand of mindburst (13)
 B - a wand of warping (3)
Scrolls
 c - a scroll of fog
 o - 3 scrolls of immolation {unknown}
 s - a scroll of fear {unknown}
 u - 8 scrolls of identify
 x - a scroll of revelation {unknown}
 z - 2 scrolls of enchant weapon
 A - a scroll of vulnerability
 D - a scroll of enchant armour {unknown}
Potions
 b - a potion of lignification
 d - a potion of heal wounds {unknown}
 j - 2 potions of curing
 k - 2 potions of ambrosia
 l - a potion of cancellation
 m - a potion of invisibility {unknown}
 p - a potion of degeneration
 q - 3 potions of might
 t - a potion of haste
 C - a potion of attraction {unknown}


   Skills:
 + Level 5.6 Fighting
 + Level 3.2 Long Blades
 + Level 2.0 Staves
 + Level 10.7 Dodging
 - Level 1.8 Stealth
 + Level 11.2 Spellcasting
 + Level 11.2 Conjurations
 + Level 11.2 Hexes
 + Level 11.2 Summonings
 + Level 11.2 Necromancy
 + Level 11.2 Translocations
 + Level 11.2 Fire Magic
 + Level 11.2 Ice Magic
 + Level 11.2 Air Magic
 + Level 11.2 Earth Magic
 + Level 11.2 Alchemy


You knew the following spells:

 Your Spells              Type           Power      Damage    Failure   Level
a - Foxfire               Conj/Fire      100%       2x1d9     1%          1
b - Scorch                Fire           100%       2d9       1%          2
c - Volatile Blastmotes   Fire/Tloc      100%       2d18      1%          3
d - Inner Flame           Hex/Fire       52%        N/A       1%          3
e - Flame Wave            Conj/Fire      52%        2d13      1%          4
f - Necrotise             Necr           100%       1d9       1%          1
g - Ensorcelled Hibernat  Hex/Ice        100%       N/A       1%          2
h - Momentum Strike       Conj/Tloc      100%       3d10      1%          2
i - Gell's Gravitas       Tloc           52%        N/A       1%          3
j - Fireball              Conj/Fire      26%        3d12      1%          5
Your spell library was empty.

Dungeon Overview and Level Annotations

Branches:
Dungeon (9/15)             Temple (1/1) D:4            Lair (2/5) D:9
 Spider (0/4) Lair:2        Sewer (visited)
  Swamp: Lair:2-3    Shoals: Lair:2-3       Orc: D:9-12

Altars:
Ashenzari
Cheibriados
Dithmenos
Elyvilon
Fedhas
Gozag
Hepliaklqana
Makhleb
Nemelex Xobeh
Qazlal
Ru
Uskayaw
Wu Jian
Xom
Yredelemnul
Zin

Shops:
D:6 ?

Portals:
Abyss: D:8

Annotations:
D:6 2 transporters, Gargoyl's ghost, novice GrBe
D:8 2 transporters, Godo's ghost, novice DECj
D:9 Erica; Erolcha


Innate Abilities, Weirdness & Mutations

You are immune to sickness and miasma.
You are immune to poison.
Your flesh is very heat resistant. (rF++)
You are vulnerable to cold. (rC-)
You float through the air rather than walking.
You learn spells naturally, not from books.
Your magical power is your life essence.
You have superior vitality. (+4 MHP)


Message History

The foxfire hits the yak but does no damage.
The yak is severely wounded.
The foxfire hits the yak.
The yak is almost dead.
Casting: Foxfire (safe; 1% risk of failure)
Confirm with . or Enter, or press ? or * to list all spells.
You conjure some foxfire!
You slash the yak! You drain the yak.
The yak is heavily wounded.
The foxfire hits the yak.
The yak is severely wounded.
The foxfire hits the yak.
The yak is severely wounded.
The yak gores you.
Casting: Foxfire (safe; 1% risk of failure)
Confirm with . or Enter, or press ? or * to list all spells.
You conjure some foxfire!
The yak gores you!
* * * LOW HITPOINT WARNING * * *
The yak closely misses you.
You barely miss the yak.
The yak is severely wounded.
The foxfire hits the yak.
The yak is almost dead.
The foxfire hits the yak.
The yak is almost dead.
The yak gores you.
* * * LOW HITPOINT WARNING * * *
The yak closely misses you. x2; The yak barely misses you.
As you read the scroll of teleportation, it crumbles to dust.
You feel strangely unstable. The yak gores you!
* * * LOW HITPOINT WARNING * * *
The yak barely misses you.
It was a potion of cancellation.
You feel strangely stable.
You feel magically purged.
You feel better. The yak gores you.
* * * LOW HITPOINT WARNING * * *
You are confused.
You feel invigorated. The yak gores you!
You die...

.....##..# .ß.......#
.......... #.#......#
.................##
#..................#
#.............YYY.#
...).P....# #@.#
.##†...##.#######.#
.......#..#PP##.§.##
..#...###.....+....#
.......##.....###.##
......#.[.....###.#
..#...............##
..#.....####.##....#
......##.###.####..##


You could see 3 yaks.

Vanquished Creatures
  A black mamba (Lair:1)
  2 cane toads (Lair:1)
  A kobold demonologist (D:5)
  2 komodo dragons (Lair:2)
  17 blink frogs
  Sigmund (D:5)
  6 yaks
  A vampire (D:9)
  A wyvern (Lair:2)
  A basilisk (Lair:1)
  A steam dragon (Lair:1)
  Menkaure (D:4)
  7 water moccasins
  A black bear (D:5)
  A sky beast (D:8)
  3 wolves (Lair:2)
  2 ogres
  A crocodile (Sewer)
  2 centaurs
  2 phantoms
  7 kobold brigands
  8 bullfrogs
  A brain worm (Sewer)
  3 wights (D:7)
  5 killer bees (D:8)
  5 electric eels
  4 bombardier beetles
  5 hounds
  3 jellies
  2 orc priests
  A gnoll bouda (D:7)
  4 iguanas
  2 sleepcaps
  7 orc wizards
  15 gnolls
  11 adders
  A white imp (D:6)
  3 ribbon worms
  4 dart slugs
  20 orcs
  7 endoplasms
  3 giant cockroaches
  8 hobgoblins
  4 jackals (D:1)
  4 quokkas
  4 ball pythons
  12 bats
  A frilled lizard (D:3)
  3 goblins
  12 kobolds
  2 rats
  A butterfly (Lair:2)
226 creatures vanquished.

Vanquished Creatures (collateral kills)
  22 foxfires
22 creatures vanquished.

Vanquished Creatures (others)
  1151 foxfires
1151 creatures vanquished.

Grand Total: 1399 creatures vanquished

Notes
Turn   | Place    | Note
-------+----------+-------------------------------------------
     0 | D:1      | aaaaaaaaaaaaaaaaaa the Djinni Fire Elementalist began the
                  | quest for the Orb.
     0 | D:1      | aaaaaaaaaaaaaaaaaa set off with the following spells
                  | memorised: Foxfire, Scorch, Volatile Blastmotes, Inner
                  | Flame, Flame Wave.
     0 | D:1      | Reached XP level 1. HP: 15/15 MP: 0/0
   211 | D:1      | Reached XP level 2. HP: 11/21 MP: 0/0
   820 | D:2      | Reached XP level 3. HP: 19/25 MP: 0/0
   820 | D:2      | Learned a level 1 spell: Necrotise
   951 | D:2      | Reached XP level 4. HP: 26/31 MP: 0/0
  1148 | D:2      | Reached XP level 5. HP: 32/35 MP: 0/0
  1148 | D:2      | Learned a level 2 spell: Ensorcelled Hibernation
  1793 | D:3      | Reached XP level 6. HP: 6/40 MP: 0/0
  2861 | D:4      | Found a snail-covered altar of Cheibriados.
  2918 | D:4      | Reached skill level 5 in Dodging
  3102 | D:4      | Found an opulent altar of Gozag.
  3122 | D:4      | Found a staircase to the Ecumenical Temple.
  3147 | D:4      | Noticed Menkaure
  3159 | Temple   | Entered the Ecumenical Temple
  3171 | Temple   | Became a worshipper of Makhleb the Destroyer
  3236 | D:5      | Entered Level 5 of the Dungeon
  3407 | D:5      | Reached XP level 7. HP: 35/45 MP: 0/0
  3407 | D:5      | Learned a level 2 spell: Momentum Strike
  3560 | D:5      | Reached skill level 5 in Spellcasting
  3560 | D:5      | Reached skill level 5 in Conjurations
  3560 | D:5      | Reached skill level 5 in Hexes
  3560 | D:5      | Reached skill level 5 in Summonings
  3560 | D:5      | Reached skill level 5 in Necromancy
  3560 | D:5      | Reached skill level 5 in Translocations
  3560 | D:5      | Reached skill level 5 in Fire Magic
  3560 | D:5      | Reached skill level 5 in Ice Magic
  3560 | D:5      | Reached skill level 5 in Air Magic
  3560 | D:5      | Reached skill level 5 in Earth Magic
  3560 | D:5      | Reached skill level 5 in Alchemy
  3743 | D:5      | Reached XP level 8. HP: 24/51 MP: 0/0
  3898 | D:5      | Noticed a kobold demonologist
  4053 | D:5      | Reached skill level 1 in Fighting
  4084 | D:5      | Noticed Sigmund
  4110 | D:6      | Reached * piety under Makhleb
  4367 | D:6      | Found a glowing drain.
  4395 | Sewer    | Entered a sewer
  4434 | Sewer    | Reached ** piety under Makhleb
  4704 | D:6      | Found a transporter.
  4708 | D:6      | Noticed Gargoyl's ghost (novice GrBe)
  4737 | D:6      | Reached XP level 9. HP: 50/58 MP: 0/0
  4737 | D:6      | Learned a level 3 spell: Gell's Gravitas
  4862 | D:6      | Found Atoipuor's Magic Scroll Boutique.
  4944 | D:6      | Found a transporter.
  5381 | D:4      | Found a glowing silver altar of Zin.
  5531 | D:4      | Killed Menkaure
  5593 | D:4      | Reached skill level 1 in Staves
  5912 | D:5      | Killed a kobold demonologist
  6001 | D:5      | Found the +7 Throatcutter {drain, coup de grace}
  6290 | D:5      | Killed Sigmund
  6759 | D:7      | Reached XP level 10. HP: 56/64 MP: 0/0
  7208 | D:7      | Reached skill level 1 in Long Blades
  7230 | D:7      | Found a blossoming altar of Fedhas.
  7337 | D:7      | Reached *** piety under Makhleb
  7757 | D:8      | Found a shadowy altar of Dithmenos.
  7897 | D:8      | Found a hazy altar of Hepliaklqana.
  7906 | D:8      | Found a transporter.
  7925 | D:8      | Found a one-way gate to the infinite horrors of the Abyss.
  7925 | D:8      | Noticed Godo's ghost (novice DECj)
  7975 | D:8      | Found a transporter.
  8012 | D:8      | Reached skill level 10 in Spellcasting
  8012 | D:8      | Reached skill level 10 in Conjurations
  8012 | D:8      | Reached skill level 10 in Hexes
  8012 | D:8      | Reached skill level 10 in Summonings
  8012 | D:8      | Reached skill level 10 in Necromancy
  8012 | D:8      | Reached skill level 10 in Translocations
  8012 | D:8      | Reached skill level 10 in Fire Magic
  8012 | D:8      | Reached skill level 10 in Ice Magic
  8012 | D:8      | Reached skill level 10 in Air Magic
  8012 | D:8      | Reached skill level 10 in Earth Magic
  8012 | D:8      | Reached skill level 10 in Alchemy
  8076 | D:8      | Noticed a red ugly thing
  8192 | D:8      | Found a hide-covered altar of Uskayaw.
  8344 | D:8      | Found a broken altar of Ashenzari.
  8645 | D:7      | Found a shimmering altar of Xom.
  8676 | D:9      | Noticed Erolcha
  8682 | D:9      | Noticed Erica
  8948 | D:9      | Found a staircase to the Lair.
  8972 | Lair:1   | Entered Level 1 of the Lair of Beasts
  9192 | Lair:1   | Reached XP level 11. HP: 53/72 MP: 0/0
  9192 | Lair:1   | Learned a level 5 spell: Fireball
  9519 | Lair:1   | Reached skill level 10 in Dodging
 10551 | Lair:2   | Found a hole to the Spider Nest.
 10551 | Lair:2   | Noticed an orb spider
 10585 | Lair:2   | Reached skill level 5 in Fighting
 10757 | Lair:2   | Reached **** piety under Makhleb
 11038 | Lair:2   | Reached XP level 12. HP: 81/81 MP: 0/0
 11053 | Lair:2   | HP: 1/81 [yak[a torpor snail] (12)]
 11056 | Lair:2   | Slain by a yak

Illustrated notes

Levels and vault maps discovered:
D:1:      shiori_arrival_maze, layout_basic
D:2:      layout_rooms, serial_forest, infiniplex_forest_lined_corner,
          infiniplex_forest_clump_medium, infiniplex_forest_lined_2,
          infiniplex_forest_clump_C
D:3:      layout_basic, grunt_ministairs_10
D:4:      layout_basic, pdpol_temple_overflow_zin_treasury_gozag_greed,
          cheibriados_altar_1, minmay_temple_entry_antechambers, uniq_menkaure
D:5:      lemuel_ice_spiral_2, layout_basic, dilly_guarded_unrand_throatcut,
          uniq_sigmund
D:6:      layout_rooms, gammafunk_ghost_stat_death,
          cheibrodos_sewer_entry_drain, serial_shops, shop,
          minmay_stone_trees_medium, serial_bayou_lagoon_b
D:7:      layout_basic, kiku_gazebo_pond_becter, nicolae_overflow_hidden_temple,
          serial_glass, glass_columns_a, glass_columns_a,
          minmay_strange_pillars, kennysheep_flooded_box, corexii_corridor_pit,
          minivault_25
D:8:      layout_gridville, overflow_temple_1_default,
          nicolae_ashenzari_skybound, general_overflow_altar, kennysheep_mini,
          gammafunk_ghost_abyssal_escape
D:9:      layout_basic, nicolae_overflow_crystal_walls,
          okawaru_ov_weapons_minmay, due_unseen_surprise, uniq_erolcha,
          uniq_erica, uniq_psyche
Temple:   hellmonk_temple_rainy
Lair:1:   layout_chaotic_city, infiniplex_staircase_pool, serial_bayou_shore_a,
          serial_bayou_shore_b, grunt_megastairs_5
Lair:2:   layout_regular_city, nicolae_spider_entry_orb_guardian,
          lemuel_fruit_fields, grunt_megastairs_4

Skill      XL: |  1  2  3  4  5  6  7  8  9 10 11 |
---------------+----------------------------------+-----
Dodging        | 3 4 5 6 7 8 10 | 10.7
Spellcasting   | 4 5 7 9 10 11 | 11.2
Conjurations   | 4 5 7 9 10 11 | 11.2
Hexes          | 4 5 7 9 10 11 | 11.2
Summonings     | 4 5 7 9 10 11 | 11.2
Necromancy     | 4 5 7 9 10 11 | 11.2
Translocations | 4 5 7 9 10 11 | 11.2
Fire Magic     | 4 5 7 9 10 11 | 11.2
Ice Magic      | 4 5 7 9 10 11 | 11.2
Air Magic      | 4 5 7 9 10 11 | 11.2
Earth Magic    | 4 5 7 9 10 11 | 11.2
Alchemy        | 4 5 7 9 10 11 | 11.2
Fighting       | 1 2 3 5 |  5.6
Staves         | 2 |  2.0
Long Blades    | 2 3 |  3.2
Stealth        | |  1.8

Action                     |  1- 3 |  4- 6 |  7- 9 | 10-12 || total
---------------------------+-------+-------+-------+-------++-------
  Melee: Unarmed           |     3 |       |       |       ||     3
         Dagger            |       |     7 |       |       ||     7
         Staff             |       |       |     4 |       ||     4
         Long sword        |       |       |       |    17 ||    17
   Cast: Foxfire           |    47 |   126 |   211 |   294 ||   678
         Flame Wave        |       |     2 |     2 |     4 ||     8
         Volatile Blastmot |       |     5 |    19 |    13 ||    37
         Scorch            |       |     3 |    20 |    20 ||    43
         Gell's Gravitas   |       |       |     2 |       ||     2
         Momentum Strike   |       |       |     2 |       ||     2
    Use: Scroll            |       |     3 |     5 |     3 ||    11
         Potion            |       |       |       |    10 ||    10
   Stab: Sleeping          |       |       |     1 |     1 ||     2
 Armour: Robe              |    10 |    21 |    21 |    65 ||   117
         Skin              |       |       |       |    14 ||    14
  Dodge: Dodged            |    21 |    21 |    24 |    93 ||   159

Table legend: (Time is in decaauts)
 A = Elapsed time spent in this place.
 B = Non-inter-level travel time spent in this place.
 C = Inter-level travel time spent in this place.
 D = Time resting spent in this place.
 E = Time spent auto-exploring this place.
 F = Levels seen in this place.
 G = Mean time per level.
                   A        B        C        D        E       F      G
               +--------+--------+--------+--------+--------+-----+--------+
         Total |  11078 |  10442 |    636 |      0 |   8592 |  13 |  852.2 |
       Dungeon |   8709 |   8123 |    586 |      0 |   6722 |   9 |  967.7 |
        Temple |     24 |     24 |      0 |      0 |      0 |   1 |   24.0 |
          Lair |   2088 |   2038 |     50 |      0 |   1682 |   2 | 1044.0 |
         Sewer |    255 |    255 |      0 |      0 |    188 |   1 |  255.0 |
               +--------+--------+--------+--------+--------+-----+--------+

Top non-repeatable levels by time:
     D:7: 1534 daAuts
     D:3: 1461 daAuts
  Lair:1: 1454 daAuts
     D:5: 1355 daAuts
     D:4: 1009 daAuts
     D:8: 839 daAuts
     D:1: 821 daAuts
     D:6: 788 daAuts
  Lair:2: 633 daAuts
     D:2: 625 daAuts
     D:9: 274 daAuts
   Sewer: 255 daAuts
  Temple: 24 daAuts
